TOP OF THE 1ST |
Panama City Capitales batting - Pitching for Montego Bay Reefers : RHP Bill Gullickson
|
Pitching: RHP Bill Gullickson
|
|
Batting: SHB Tim Raines
|
0-0: Foul Ball, location: 2F 0-1: Ball 1-1: Ball 2-1: Ground out 4-3 (Groundball, 4D, EV 98.1 MPH)
|
Batting: RHB David Hall
|
0-0: Fly out, F8 (Flyball, 78D, EV 105.0 MPH)
|
Batting: LHB Kent Hrbek
|
0-0: Foul Ball, location: 2F 0-1: Foul Ball, location: 2F 0-2: Ball 1-2: Ball 2-2: Fly out, F8 (Line Drive, 8RD, EV 100.0 MPH)
|
Top of the 1st over - 0 runs, 0 hits, 0 errors, 0 left on base; Panama City 0 - Montego Bay 0 |
BOTTOM OF THE 1ST |
Montego Bay Reefers batting - Pitching for Panama City Capitales : RHP Peter Teixeira
|
Pitching: RHP Peter Teixeira
|
|
Batting: LHB Lloyd Moseby
|
0-0: Ground out 4-3 (Groundball, 4, EV 100.6 MPH)
|
Batting: RHB Charles Stafford
|
0-0: Swinging Strike 0-1: Ground out 5-3 (Groundball, 5, EV 81.9 MPH)
|
Batting: RHB Jim Presley
|
0-0: Foul Ball, location: 2F 0-1: Called Strike 0-2: Strikes out swinging
|
Bottom of the 1st over - 0 runs, 0 hits, 0 errors, 0 left on base; Panama City 0 - Montego Bay 0 |
TOP OF THE 2ND |
Panama City Capitales batting - Pitching for Montego Bay Reefers : RHP Bill Gullickson
|
Batting: RHB Pedro Guerrero
|
0-0: Ball 1-0: Foul Ball, location: 2F 1-1: Ball 2-1: Ball 3-1: Called Strike 3-2: Foul Ball, location: 2F 3-2: Fly out, F4 (Popup, 4, EV 56.9 MPH)
|
Batting: RHB Rod Allen
|
0-0: Ball 1-0: Foul Ball, location: 2F 1-1: Foul Ball, location: 2F 1-2: Strikes out swinging
|
Batting: RHB Vic Rodriguez
|
0-0: Called Strike 0-1: Ball 1-1: Called Strike 1-2: Ball 2-2: Foul Ball, location: 2F 2-2: Strikes out swinging
|
Top of the 2nd over - 0 runs, 0 hits, 0 errors, 0 left on base; Panama City 0 - Montego Bay 0 |
BOTTOM OF THE 2ND |
Montego Bay Reefers batting - Pitching for Panama City Capitales : RHP Peter Teixeira
|
Batting: RHB Don Lyle
|
0-0: Ball 1-0: Fly out, F9 (Flyball, 89M, EV 93.8 MPH)
|
Batting: LHB Luis Alfaro
|
0-0: Fly out, F8 (Line Drive, 8LM, EV 109.4 MPH)
|
Batting: RHB Tom Romano
|
0-0: Ground out 5-3 (Groundball, 56S, EV 68.1 MPH)
|
Bottom of the 2nd over - 0 runs, 0 hits, 0 errors, 0 left on base; Panama City 0 - Montego Bay 0 |
TOP OF THE 3RD |
Panama City Capitales batting - Pitching for Montego Bay Reefers : RHP Bill Gullickson
|
Batting: RHB Larry Bowie
|
0-0: Called Strike 0-1: Fly out, F9 (Flyball, 89D, EV 82.5 MPH)
|
Batting: RHB Jim Teller
|
0-0: Called Strike 0-1: Fly out, F7 (Flyball, 78S, EV 97.5 MPH)
|
Batting: RHB Carlos Cabrera
|
0-0: Called Strike 0-1: Foul Ball, location: 2F 0-2: Ball 1-2: Foul Ball, location: 2F 1-2: Foul Ball, location: 2F 1-2: Ball 2-2: Fly out, F3 (Popup, 3SF, EV 66.3 MPH)
|
Top of the 3rd over - 0 runs, 0 hits, 0 errors, 0 left on base; Panama City 0 - Montego Bay 0 |
BOTTOM OF THE 3RD |
Montego Bay Reefers batting - Pitching for Panama City Capitales : RHP Peter Teixeira
|
Batting: LHB John Stefero
|
0-0: Ball 1-0: Called Strike 1-1: Foul Ball, location: 2F 1-2: Strikes out looking
|
Batting: RHB Al Pedrique
|
0-0: Ball 1-0: Called Strike 1-1: Called Strike 1-2: Ball 2-2: Strikes out swinging
|
Batting: RHB Douglas Morganti
|
0-0: Foul Ball, location: 2F 0-1: Ball 1-1: Foul Ball, location: 2F 1-2: Ball 2-2: Foul Ball, location: 2F 2-2: Foul Ball, location: 2F 2-2: Foul Ball, location: 2F 2-2: Fly out, F3 (Popup, 3SF, EV 90.0 MPH)
|
Bottom of the 3rd over - 0 runs, 0 hits, 0 errors, 0 left on base; Panama City 0 - Montego Bay 0 |
TOP OF THE 4TH |
Panama City Capitales batting - Pitching for Montego Bay Reefers : RHP Bill Gullickson
|
Batting: SHB Tim Raines
|
0-0: Called Strike 0-1: Ball 1-1: Foul Ball, location: 2F 1-2: Foul Ball, location: 2F 1-2: Ball 2-2: SINGLE (Groundball, 34D, EV 106.3 MPH)
|
Batting: RHB David Hall
|
0-0: Ball 1-0: Called Strike 1-1: Ball 2-1: Fly out, F8 (Flyball, 8LM, EV 68.1 MPH)
|
Batting: LHB Kent Hrbek
|
0-0: Ball Tim Raines is caught stealing 2nd base 2-6 1-0: Called Strike 1-1: Called Strike 1-2: Foul Ball, location: 2F 1-2: Ball 2-2: Fly out, F9 (Flyball, 9S, EV 89.4 MPH)
|
Top of the 4th over - 0 runs, 1 hit, 0 errors, 0 left on base; Panama City 0 - Montego Bay 0 |
BOTTOM OF THE 4TH |
Montego Bay Reefers batting - Pitching for Panama City Capitales : RHP Peter Teixeira
|
Batting: LHB Lloyd Moseby
|
0-0: Swinging Strike 0-1: Ball 1-1: Ball 2-1: Ball 3-1: Fly out, F7 (Line Drive, 7, EV 88.8 MPH)
|
Batting: RHB Charles Stafford
|
0-0: Ground out 4-3 (Groundball, 4, EV 105.0 MPH)
|
Batting: RHB Jim Presley
|
0-0: Foul Ball, location: 2F 0-1: Fly out, F9 (Flyball, 9LSF, EV 93.8 MPH)
|
Bottom of the 4th over - 0 runs, 0 hits, 0 errors, 0 left on base; Panama City 0 - Montego Bay 0 |
TOP OF THE 5TH |
Panama City Capitales batting - Pitching for Montego Bay Reefers : RHP Bill Gullickson
|
Batting: RHB Pedro Guerrero
|
0-0: Ball 1-0: Ground out 6-3 (Groundball, 6, EV 86.3 MPH)
|
Batting: RHB Rod Allen
|
0-0: Called Strike 0-1: Called Strike 0-2: Strikes out swinging
|
Batting: RHB Vic Rodriguez
|
0-0: Fly out, F8 (Line Drive, 8LD, EV 92.5 MPH)
|
Top of the 5th over - 0 runs, 0 hits, 0 errors, 0 left on base; Panama City 0 - Montego Bay 0 |
BOTTOM OF THE 5TH |
Montego Bay Reefers batting - Pitching for Panama City Capitales : RHP Peter Teixeira
|
Batting: RHB Don Lyle
|
0-0: DOUBLE (Flyball, 78XD, EV 110.0 MPH)
|
Batting: LHB Luis Alfaro
|
0-0: Called Strike 0-1: Ball 1-1: Foul Ball, location: 2F 1-2: Ball 2-2: Ground out 4-3 (Groundball, 34, EV 105.0 MPH) Don Lyle to third
|
Batting: RHB Tom Romano
|
0-0: Fly out, F6 (Flyball, 6MD, EV 85.0 MPH)
|
Batting: LHB John Stefero
|
0-0: Ball 1-0: Called Strike 1-1: Ball 2-1: Ground out U3 (Groundball, 34S, EV 86.9 MPH)
|
Bottom of the 5th over - 0 runs, 1 hit, 0 errors, 1 left on base; Panama City 0 - Montego Bay 0 |
TOP OF THE 6TH |
Panama City Capitales batting - Pitching for Montego Bay Reefers : RHP Bill Gullickson
|
Batting: RHB Larry Bowie
|
0-0: Fly out, F5 (Popup, 15, EV 80.0 MPH)
|
Batting: RHB Jim Teller
|
0-0: Called Strike 0-1: Foul Ball, location: 2F 0-2: Ball 1-2: Foul Ball, location: 2F 1-2: Ball 2-2: Ball 3-2: Foul Ball, location: 2F 3-2: Ground out 5-3 (Groundball, 56S, EV 92.5 MPH)
|
Batting: RHB Carlos Cabrera
|
0-0: Called Strike 0-1: Swinging Strike 0-2: Ball 1-2: Strikes out swinging
|
Top of the 6th over - 0 runs, 0 hits, 0 errors, 0 left on base; Panama City 0 - Montego Bay 0 |
BOTTOM OF THE 6TH |
Montego Bay Reefers batting - Pitching for Panama City Capitales : RHP Peter Teixeira
|
Batting: RHB Al Pedrique
|
0-0: Ball 1-0: Ground out 1-3 (Groundball, 15S, EV 72.5 MPH)
|
Batting: RHB Douglas Morganti
|
0-0: Called Strike 0-1: Ground out 6-3 (Groundball, 6M, EV 100.0 MPH)
|
Batting: LHB Lloyd Moseby
|
0-0: Foul Ball, location: 2F 0-1: Ball 1-1: Ball 2-1: DOUBLE (Flyball, 78D, EV 92.5 MPH)
|
Batting: RHB Charles Stafford
|
0-0: Ball 1-0: Called Strike 1-1: Ground out 4-3 (Groundball, 4, EV 76.9 MPH)
|
Bottom of the 6th over - 0 runs, 1 hit, 0 errors, 1 left on base; Panama City 0 - Montego Bay 0 |
TOP OF THE 7TH |
Panama City Capitales batting - Pitching for Montego Bay Reefers : RHP Bill Gullickson
|
Batting: SHB Tim Raines
|
0-0: Ball 1-0: Foul Ball, location: 2F 1-1: SINGLE (Groundball, P, EV 69.4 MPH) (infield hit)
|
Batting: RHB David Hall
|
0-0: Swinging Strike 0-1: Grounds into double play, 5-4-3 (Groundball, 5, EV 89.4 MPH)
|
Batting: LHB Kent Hrbek
|
0-0: Called Strike 0-1: Foul Ball, location: 2F 0-2: Foul Ball, location: 2F 0-2: Strikes out swinging
|
Top of the 7th over - 0 runs, 1 hit, 0 errors, 0 left on base; Panama City 0 - Montego Bay 0 |
BOTTOM OF THE 7TH |
Montego Bay Reefers batting - Pitching for Panama City Capitales : RHP Peter Teixeira
|
Batting: RHB Jim Presley
|
0-0: Called Strike 0-1: Called Strike 0-2: Foul Ball, location: 2F 0-2: Ball 1-2: Ball 2-2: Ball 3-2: Strikes out swinging
|
Batting: RHB Don Lyle
|
0-0: Ball 1-0: Ball 2-0: Ball 3-0: Called Strike 3-1: Fly out, F2 (Popup, 2LF, EV 98.1 MPH)
|
Batting: LHB Luis Alfaro
|
0-0: Fly out, F4 (Popup, 3S, EV 83.8 MPH)
|
Bottom of the 7th over - 0 runs, 0 hits, 0 errors, 0 left on base; Panama City 0 - Montego Bay 0 |
TOP OF THE 8TH |
Panama City Capitales batting - Pitching for Montego Bay Reefers : RHP Bill Gullickson
|
Pitching: LHP Randy Niemann
|
|
Batting: RHB Pedro Guerrero
|
0-0: Ground out 1-3 (Groundball, 13S, EV 66.3 MPH)
|
Batting: RHB Rod Allen
|
0-0: Ball 1-0: Ball 2-0: SINGLE (Groundball, 56D, EV 110.0 MPH)
|
Batting: RHB Vic Rodriguez
|
0-0: Swinging Strike 0-1: Called Strike Rod Allen steals 2nd base 0-2: Ball 1-2: Fly out, F8 (Line Drive, 8LM, EV 91.3 MPH)
|
Batting: RHB Larry Bowie
|
0-0: Called Strike 0-1: Called Strike 0-2: Ball 1-2: SINGLE (Groundball, 6MD, EV 99.4 MPH) Rod Allen to third Runner from 3rd tries for Home, SAFE, throw by CF to home
|
Batting: RHB Jim Teller
|
0-0: Ball 1-0: Swinging Strike 1-1: Called Strike 1-2: Strikes out swinging
|
Top of the 8th over - 1 run, 2 hits, 0 errors, 1 left on base; Panama City 1 - Montego Bay 0 |
BOTTOM OF THE 8TH |
Montego Bay Reefers batting - Pitching for Panama City Capitales : RHP Peter Teixeira
|
Batting: RHB Tom Romano
|
0-0: Foul Ball, location: 2F 0-1: Swinging Strike 0-2: Ball 1-2: Foul Ball, location: 2F 1-2: Ground out 6-3 (Groundball, 6M, EV 84.4 MPH)
|
Batting: LHB John Stefero
|
0-0: Called Strike 0-1: Ball 1-1: Ball 2-1: Fly out, F7 (Flyball, 7S, EV 91.3 MPH)
|
Batting: RHB Al Pedrique
|
0-0: Swinging Strike 0-1: Foul Ball, location: 2F 0-2: Fly out, F8 (Line Drive, 8LD, EV 85.6 MPH)
|
Bottom of the 8th over - 0 runs, 0 hits, 0 errors, 0 left on base; Panama City 1 - Montego Bay 0 |
TOP OF THE 9TH |
Panama City Capitales batting - Pitching for Montego Bay Reefers : LHP Randy Niemann
|
Batting: RHB Carlos Cabrera
|
0-0: Swinging Strike 0-1: Foul Ball, location: 2F 0-2: Ball 1-2: Strikes out swinging
|
Batting: SHB Tim Raines
|
0-0: Ball 1-0: Foul Ball, location: 2F 1-1: Fly out, F8 (Line Drive, 8RD, EV 110.0 MPH)
|
Batting: RHB David Hall
|
0-0: Ball 1-0: DOUBLE (Line Drive, 7LS, EV 101.3 MPH)
|
Batting: LHB Kent Hrbek
|
0-0: Ball 1-0: Swinging Strike 1-1: Ball 2-1: Ground out 6-3 (Groundball, 6M, EV 103.8 MPH)
|
Top of the 9th over - 0 runs, 1 hit, 0 errors, 1 left on base; Panama City 1 - Montego Bay 0 |
BOTTOM OF THE 9TH |
Montego Bay Reefers batting - Pitching for Panama City Capitales : RHP Peter Teixeira
|
Now at C: Randy Gomez
|
|
Now at 3B: Steve Hammond
|
|
Now in LF: Gene Gentile
|
|
Now in CF: Larry Hyman
|
|
Pinch Hitting: RHB Ron Kittle
|
0-0: Foul Ball, location: 2F 0-1: Ball 1-1: Ball 2-1: Foul Ball, location: 2F 2-2: Foul Ball, location: 2F 2-2: Ball 3-2: Fly out, F8 (Flyball, 89D, EV 94.4 MPH)
|
Batting: LHB Lloyd Moseby
|
0-0: Ball 1-0: Called Strike 1-1: Foul Ball, location: 2F 1-2: Ball 2-2: Fly out, F5 (Popup, 5, EV 70.0 MPH)
|
Pinch Hitting: RHB Brook Jacoby
|
0-0: Swinging Strike 0-1: Ball 1-1: Ball 2-1: Swinging Strike 2-2: Strikes out swinging
|
Bottom of the 9th over - 0 runs, 0 hits, 0 errors, 0 left on base; Panama City 1 - Montego Bay 0 |
|